 Dungeon Crawl Stone Soup version 0.25-a0-700-g7f8a7979f0 (webtiles) character file.

Game seed: 10908253505574568568, levelgen mode: deterministic

8 Iscandelvey the Charmwright (level 2, 18/22 HPs)
             Began as a Demonspawn Skald on Apr 3, 2020.
             Quit the game on level 1 of the Dungeon.
             The game lasted 00:00:13 (91 turns).

Iscandelvey the Charmwright (Demonspawn Skald)        Turns: 91, Time: 00:00:13

Health: 18/22      AC:  3    Str: 11    XL:     2   Next: 0%
Magic:  5/5        EV: 12    Int: 14    God:
Gold:   0          SH:  0    Dex: 12    Spells: 4/5 levels left

rFire    . . .     SeeInvis .   a - +0 spear
rCold    . . .     Gourm    .   (no shield)
rNeg     . . .     Faith    .   b - +0 leather armour
rPois    .         Spirit   .   (no helmet)
rElec    .         Reflect  .   (no cloak)
rCorr    .         Harm     .   (no gloves)
MR       .....                  (no boots)
Stlth    +.........             (no amulet)
HPRegen  0.07/turn              (no ring)
MPRegen  0.09/turn              (no ring)

@: no status effects
A: claws 1
a: no special abilities


You were on level 1 of the Dungeon.
You were not hungry.

You visited 1 branch of the dungeon, and saw 1 of its levels.

Inventory:

Hand Weapons
 a - a +0 spear (weapon)
Armour
 b - a +0 leather armour (worn)
Potions
 c - a potion of curing {unknown}
Comestibles
 d - a ration


   Skills:
 + Level 2.0 Fighting
 + Level 1.7 Polearms
 + Level 0.8 Armour
 + Level 1.9 Dodging
 + Level 2.0 Spellcasting
 + Level 3.0 Charms


You had 4 spell levels left.
You knew the following spells:

 Your Spells              Type           Power        Failure   Level  Hunger
a - Infusion              Chrm           ##..         9%          1    ##.....

Your spell library contained the following spells:

 Spells                   Type           Power        Failure   Level  Hunger
 Song of Slaying          Chrm           ##......     13%         2    ###....
 Shroud of Golubria       Chrm/Tloc      #.....       26%         2    ###....
 Ozocubu's Armour         Chrm/Ice       #.......     45%         3    ####...
 Spectral Weapon          Hex/Chrm       #.......     45%         3    ####...


Dungeon Overview and Level Annotations

Branches:
Dungeon (1/15)

Altars:


Innate Abilities, Weirdness & Mutations

You have sharp fingernails.


Message History

Found a scroll labeled LYROMEAGG.
A bat is nearby!
Attack whom?
Press: ? - help, Dir - move target cursor, f - bat
Aim: a bat You reach to attack!
You hit the bat but do no damage. The bat hits you.
A bat is nearby!
Attack whom?
Press: ? - help, Dir - move target cursor, f/p - bat
Aim: a bat You reach to attack!
Your leather armour prevents you from hitting the bat.
The bat barely misses you.
A bat is nearby!
You hit the bat.
You kill the bat!
You have reached level 2!
Your demonic ancestry asserts itself...
Your fingernails lengthen.
Are you sure you want to abandon this character and quit the game? (Confirm with "yes".)

♣♣....≈≈≈≈.### #..#.##.#
♣♣≈≈≈≈.8≈≈≈≈≈# #.[#.##.#
#≈≈≈≈.≈≈8≈≈≈≈≈♣###..#.##.#
#♣♣≈≈≈≈≈≈≈≈≈♣♣##....#.##.#
♣♣♣≈≈≈≈♣♣♣♣##..##.#.##.#
##########..###.#.##.#
#.....(....#.#
#..........# #..@.......#
#..........#
#............#
##...........#
#.............
...........###
.....##...... ......
.?####


There were no monsters in sight!

Vanquished Creatures
  A dart slug (D:1)
  A leopard gecko (D:1)
  A giant cockroach (D:1)
  A bat (D:1)
  2 rats (D:1)
6 creatures vanquished.

Notes
Turn   | Place    | Note
-------+----------+-------------------------------------------
     0 | D:1      | Iscandelvey the Demonspawn Skald began the quest for the
                  | Orb.
     0 | D:1      | Reached XP level 1. HP: 16/16 MP: 3/3
    81 | D:1      | Reached skill level 3 in Charms
    90 | D:1      | Gained mutation: You have sharp fingernails. [demonic
                  | ancestry]
    90 | D:1      | Reached XP level 2. HP: 18/22 MP: 5/5
    91 | D:1      | Quit the game

Levels and vault maps discovered:
D:1:      sevenhm_arrival_forest_fort_small_5, layout_basic,
          minmay_misc_feat_iff

Skill      XL: |  1 |
---------------+----+-----
Charms         | 3 |  3.0
Fighting       | |  2.0
Polearms       | |  1.7
Armour         | |  0.8
Dodging        | |  1.9
Spellcasting   | |  2.0

Action                   || total
-------------------------++-------
Melee: Spear             ||    26
Armor: Leather armour    ||     8
Dodge: Dodged            ||    18

Table legend:
 A = Non-vault XP
 B = Vault XP
 C = Vault XP percentage of total XP
 D = Non-vault monster count
 E = Vault monster count
 F = Vault count percentage of total count
                 A         B        C        D         E       F
            +---------+---------+-------+---------+---------+-------
      Total |      12 |       0 |   0.0 |       6 |       0 |   0.0
            +---------+---------+-------+---------+---------+-------
        D:1 |      12 |       0 |   0.0 |       6 |       0 |   0.0
            +---------+---------+-------+---------+---------+-------
